 Dungeon Crawl Stone Soup version 0.13.0-17-g5f0e85f (webtiles) character file.

11924 4tharraofdagon the Cleaver (level 11, -1/94 HPs)
             Began as a Yellow Draconian Berserker on Oct 20, 2013.
             Was a High Priest of Trog.
             Slain by a killer bee (3 damage)
             ... on Level 12 of the Dungeon on Oct 21, 2013.
             The game lasted 00:36:58 (4481 turns).

4tharraofdagon the Cleaver (DrBe)                   Turns: 4481, Time: 00:36:59

HP  -1/94        AC  8     Str 24      XL: 11   Next: 49%
MP   0/21        EV 15     Int 10      God: Trog [*****.]
Gold 499         SH  0     Dex 10      Spells:  0 memorised, 10 levels left

Res.Fire  : . . .   See Invis. : .   f - +0 orc war axe (curse)
Res.Cold  : . . .   Warding    : .   (armour unavailable)
Life Prot.: . . .   Conserve   : .   (no shield)
Res.Poison: .       Res.Corr.  : +   v - +0 cap {Int+3}
Res.Elec. : .       Clarity    : .   E - +0 cloak
Sust.Abil.: . .     Spirit.Shd : +   (no gloves)
Res.Mut.  : .       Rnd.Telep. : +   (no boots)
Res.Rott. : .       Flight     : .   b - cursed amulet of guardian spirit
Saprovore : . . .                    r - cursed ring of hunger
                                     o - cursed ring of teleportation

@: exhausted, very poisoned, slowed, very slow, somewhat resistant to hostile
enchantments, unstealthy
A: spit acid, acid resistance, unfitting armour, AC +7
a: Spit Acid, Burn Spellbooks, Berserk, Trog's Hand, Brothers in Arms, Renounce
Religion, Evoke Teleportation


You were on level 12 of the Dungeon.
You worshipped Trog.
Trog was extremely pleased with you.
You were very hungry.

You visited 2 branches of the dungeon, and saw 16 of its levels.

You collected 556 gold pieces.
You spent 77 gold pieces at shops.

Inventory:

Hand weapons
 a - a +1,+0 hand axe {=f}
 f - a cursed +0,+0 orcish war axe (weapon)
 u - a cursed +2 blowgun
Missiles
 s - 3 exploding darts (quivered)
 t - 6 javelins
Armour
 p - a +1 pair of bracers of archery
 v - a +0 cap of intelligence (worn)
 E - a +0 cloak (worn)
Magical devices
 l - a wand of fireball (1)
 w - a wand of disintegration (18)
 D - a wand of paralysis (9)
Comestibles
 c - 3 bread rations
 h - 4 meat rations
 z - 2 chunks of yak flesh
Scrolls
 q - a scroll of enchant weapon II
 B - a scroll of recharging
 C - a scroll of teleportation
 F - a scroll of amnesia
Jewellery
 b - a cursed amulet of guardian spirit (around neck)
 o - a cursed ring of teleportation (left hand)
 r - a cursed ring of hunger (right hand)
 y - an uncursed ring of poison resistance
Potions
 d - 3 potions of curing
 e - a potion of invisibility
 g - a potion of might
 i - 2 potions of restore abilities
 j - a potion of poison
 m - a potion of heal wounds
 n - a potion of resistance
 x - a potion of cure mutation
 A - a potion of slowing
Books
 k - a book of Control

   Spells                             Type                      Level
   Control Teleport                   Charms/Translocation         4
   Control Undead                     Necromancy                   4
   Enslavement                        Hexes                        4
   Mass Confusion                     Hexes                        6
   Metabolic Englaciation             Hexes/Ice                    6
   Trog disapproves of the use of such an item.


   Skills:
 + Level 9.7 Fighting
 * Level 12.1 Axes
 + Level 8.4 Dodging
 + Level 7.7 Evocations


You had 10 spell levels left.
You didn't know any spells.

Dungeon Overview and Level Annotations

Branches:
Dungeon (14/27)               Orc (2/4) D:10
 Temple: D:4-7         Lair: D:8-13

Altars:
Fedhas
Okawaru
Trog
Xom
Beogh

Shops:
D:8 }   Orc:1 +}=   Orc:2 *

Annotations:
D:14 exclusion: Roxanne, Roxanne


Message History

The killer bee barely misses you.
Unknown command.
* * * LOW HITPOINT WARNING * * *
You feel sick. The killer bee closely misses you.
The killer bee barely misses you.
The killer bee stings you but does no damage.
The killer bee misses you. The killer bee barely misses you.
The killer bee misses you.
The killer bee stings you but does no damage.
The killer bee closely misses you. The killer bee misses you.
Unknown command.
Unknown command.
* * * LOW HITPOINT WARNING * * *
You feel sick. The killer bee stings you!
* * * LOW HITPOINT WARNING * * *
You are more poisoned.
The killer bee poisons you! The killer bee stings you!
* * * LOW HITPOINT WARNING * * *
The killer bee stings you.
You die...

####.#####
#.#.#...###
..#........#
#.#.#...# #
...........#
..#.#....
#........# ...
#..## %%.#...kkk..#
# #.. %.%..>.kkk.)#
#..
.k.#k.kkkkk.#######
##+#+#kkk.......
#...#@#########
#........#
#........+
#........#
###.###'## #.# #.#
#.# #.#
####.###.######.##
.........>........


You could see 12 killer bees.

Vanquished Creatures
  Erolcha (D:8)
  2 hill giants (D:10)
  A cyclops (D:12)
  An orc sorcerer (Orc:2)
  Psyche (D:13)
  A troll (D:9)
  A queen bee (D:12)
  2 polar bears (D:9)
  12 yaks
  Eustachio (D:8)
  2 hungry ghosts
  A manticore (D:9)
  2 wolves (D:9)
  A necrophage (D:9)
  4 ice beasts
  5 ogres
  A phantom (D:13)
  A yellow wasp (D:12)
  3 giant goldfish (D:10)
  6 orc warriors
  2 centaurs (D:10)
  Duvessa (D:7)
  A big kobold (D:10)
  4 giant frogs
  A water moccasin (D:8)
  A gnoll sergeant (D:6)
  11 killer bees
  2 troll zombies
  3 jellyfish (D:10)
  3 jellies
  Dowan (D:7)
  A crimson imp (D:7)
  A yellow wasp zombie (D:6)
  2 goliath beetles
  2 gnoll shamans (D:6)
  A cyclops simulacrum (D:9)
  A giant frog skeleton (D:13)
  A centaur zombie (D:11)
  7 orc priests
  A black bear zombie (D:6)
  A centaur skeleton (D:10)
  4 hounds
  2 worker ants
  An iguana (D:8)
  A scorpion (D:11)
  8 orc wizards
  3 sheep (D:12)
  A mummy (D:10)
  A killer bee simulacrum (D:9)
  5 adders
  30 gnolls (D:6)
  A giant mite (D:6)
  2 worms
  2 white imps (D:9)
  A worker ant simulacrum (D:9)
  5 ufetubi (D:9)
  3 giant eyeballs
  3 giant geckos
  78 orcs
  A ball python (D:3)
  7 hobgoblins
  13 jackals (D:6)
  12 kobolds
  2 training dummies (D:5)
  2 bats
  2 giant newts
  7 goblins
  2 quokkas
  3 rats
  5 ballistomycetes
304 creatures vanquished.

Vanquished Creatures (collateral kills)
  Urug (D:10)
  A hill giant (D:10)
  An orc (D:10)
3 creatures vanquished.

Vanquished Creatures (others)
  A jellyfish (D:9)
  A white imp (D:9)
  A bat (D:6)
  3 jackals (D:6)
  A giant spore (D:9)
7 creatures vanquished.

Grand Total: 314 creatures vanquished

Notes
Turn   | Place    | Note
--------------------------------------------------------------
     0 | D:1      | 4tharraofdagon, the Draconian Berserker, began the quest for the Orb.
     0 | D:1      | Reached XP level 1. HP: 19/19 MP: 0/0
   128 | D:2      | Reached XP level 2. HP: 26/26 MP: 1/1
   229 | D:3      | Reached XP level 3. HP: 31/33 MP: 2/2
   261 | D:3      | Daniel: what do you think about
   297 | D:3      | Daniel: mibe, going fast until lair 8
   314 | D:3      | Daniel: get one gift
   321 | D:3      | Daniel: possible a useful one
   329 | D:4      | Daniel: and convert to jiyva
   343 | D:4      | 4tharraofdagon: eh
   343 | D:4      | 4tharraofdagon: yea possible
   343 | D:4      | Daniel: you get piety in orces
   343 | D:4      | 4tharraofdagon: but later,what,convert to mak?
   343 | D:4      | Daniel: yes
   343 | D:4      | Daniel: after slime is done
   343 | D:4      | 4tharraofdagon: two wraths at the time hmm
   343 | D:4      | Daniel: or stay with jiyva
   343 | D:4      | hurdos: Hi all
   343 | D:4      | 4tharraofdagon: hello
   343 | D:4      | Daniel: he is a good endgame god
   343 | D:4      | Daniel: hi
   359 | D:5      | Entered Level 5 of the Dungeon
   362 | D:5      | Reached skill level 4 in Fighting
   447 | D:5      | Found an iron altar of Okawaru.
   460 | D:5      | Reached XP level 4. HP: 12/40 MP: 3/3
   516 | D:6      | Acquired Trog's second power
   523 | D:6      | Reached XP level 5. HP: 26/46 MP: 2/4
   644 | D:6      | Noticed a giant frog
   647 | D:6      | Noticed a giant frog
   652 | D:6      | Killed a giant frog
   652 | D:6      | Killed a giant frog
   652 | D:6      | Reached skill level 5 in Axes
   652 | D:6      | Reached XP level 6. HP: 53/53 MP: 3/5
   763 | D:6      | Reached skill level 5 in Fighting
  1036 | D:6      | Your scales start taking on a golden yellow colour.
  1036 | D:6      | Reached XP level 7. HP: 44/60 MP: 4/6
  1037 | D:6      | Daniel: haha
  1065 | D:6      | 4tharraofdagon: xd
  1112 | D:6      | Reached skill level 6 in Axes
  1540 | D:7      | Noticed Duvessa
  1540 | D:7      | Noticed Dowan
  1547 | D:7      | Killed Dowan
  1548 | D:7      | Killed Duvessa
  1665 | D:8      | Reached skill level 7 in Axes
  1667 | D:8      | Reached skill level 5 in Dodging
  1668 | D:8      | Reached XP level 8. HP: 69/69 MP: 5/7
  1701 | D:8      | Reached skill level 1 in Evocations
  1742 | D:8      | Noticed Erolcha
  1748 | D:8      | Killed Erolcha
  1748 | D:8      | Reached skill level 8 in Axes
  1758 | D:8      | Turgon: Time for abyssal rune?
  1763 | D:8      | Turgon: No?
  1787 | D:8      | Found Avuhuew's Gadget Shoppe.
  1888 | D:8      | Noticed Eustachio
  1896 | D:8      | Killed Eustachio
  1896 | D:8      | Reached XP level 9. HP: 75/75 MP: 11/13
  2168 | D:9      | Paralysed by a giant eyeball for 4 turns
  2183 | D:9      | Reached skill level 9 in Axes
  2185 | D:9      | Paralysed by a giant eyeball for 4 turns
  2301 | D:8      | Found a blossoming altar of Fedhas.
  2301 | D:8      | Found a bloodstained altar of Trog.
  2303 | D:8      | Found a shimmering altar of Xom.
  2465 | D:9      | Reached skill level 5 in Evocations
  2553 | D:10     | Entered Level 10 of the Dungeon
  2611 | D:10     | Reached skill level 10 in Axes
  2620 | D:10     | Acquired Trog's third power
  2645 | D:10     | Noticed a hill giant
  2662 | D:10     | Killed a hill giant
  2662 | D:10     | Reached XP level 10. HP: 73/85 MP: 10/18
  2714 | D:10     | 4tharraofdagon: fuck
  2714 | D:10     | 4tharraofdagon: i didnt even kill single mummy
  2714 | D:10     | 4tharraofdagon: and everythings cursed
  2751 | D:10     | Identified a scroll of acquirement
  2757 | D:10     | fu
  2813 | D:11     | Noticed Psyche
  2890 | D:12     | Noticed a cyclops
  2901 | D:12     | Killed a cyclops
  3028 | D:10     | Noticed a hill giant
  3107 | D:10     | Reached skill level 11 in Axes
  3107 | D:10     | Noticed a hill giant
  3120 | D:10     | Killed a hill giant
  3351 | D:10     | Found a staircase to the Orcish Mines.
  3376 | D:10     | Paralysed by a giant eyeball for 3 turns
  3384 | D:10     | Paralysed by a giant eyeball for 3 turns
  3421 | D:10     | Noticed a hill giant
  3422 | D:10     | Noticed Urug
  3431 | D:10     | Killed a hill giant
  3431 | D:10     | Reached XP level 11. HP: 54/93 MP: 11/20
  3434 | D:10     | Killed Urug
  3540 | D:10     | Found a roughly hewn altar of Beogh.
  3575 | Orc:1    | Entered Level 1 of the Orcish Mines
  3579 | Orc:1    | Found Barghoa's Gadget Shoppe.
  3624 | Orc:1    | Found Trakho's Jewellery Emporium.
  3702 | Orc:1    | Found Suurhytoa's Book Boutique.
  3818 | Orc:2    | Found Allajin's General Store.
  3821 | Orc:2    | Bought a scroll of enchant weapon II for 77 gold pieces
  3822 | Orc:2    | Upgraded the game from 0.13.0-15-g9204fa6 to 0.13.0-17-g5f0e85f
  3966 | Orc:2    | Noticed an orc warlord
  4274 | D:13     | Paralysed by you for 4 turns
  4292 | D:14     | Entered Level 14 of the Dungeon
  4315 | D:14     | Reached skill level 12 in Axes
  4335 | D:14     | Noticed Roxanne
  4398 | D:13     | Killed Psyche
  4481 | D:12     | HP: 2/94 [killer bee (9)]
  4481 | D:12     | Slain by a killer bee

Action                   |  1- 3 |  4- 6 |  7- 9 | 10-12 || total
-------------------------+-------+-------+-------+-------++-------
Melee: Hand axe          |    63 |    15 |    14 |       ||    92
       War axe           |       |    88 |   239 |   326 ||   653
Invok: Berserk           |     3 |     7 |    16 |    14 ||    40
       Trog's Hand       |       |     3 |    16 |    13 ||    32
       Brothers in Arms  |       |       |       |     1 ||     1
Evoke: Wand              |       |       |     4 |     3 ||     7
  Use: Scroll            |     1 |       |     8 |     9 ||    18
       Potion            |       |       |       |     1 ||     1
 Stab: Invisible         |       |       |       |    12 ||    12
       Sleeping          |       |       |       |     3 ||     3
